 Dungeon Crawl Stone Soup version 0.17-a0-1648-g0a089d4 (webtiles) character file.

59 nubinia the Gusty (level 4, -5/21 HPs)
             Began as a Vine Stalker Air Elementalist on Aug 13, 2015.
             Slain by a big kobold (7 damage)
             ... in a sewer.
             The game lasted 00:12:22 (2365 turns).

nubinia the Gusty (Vine Stalker Air Elementalist)   Turns: 2365, Time: 00:12:22

Health: -5/21      AC:  2    Str: 10    XL:     4   Next: 3%
Magic:  0/9        EV: 12    Int: 16    God:
Gold:   32         SH:  0    Dex: 15    Spells: 3 memorised, 4 levels left

rFire  . . .     SeeInvis .     j - +0 dagger
rCold  . . .     Clarity  +     a - +0 robe
rNeg   . . .     SustAt   .     (no shield)
rPois  .         Gourm    .     (no helmet)
rElec  .         Spirit   +     (no cloak)
rCorr  .         Warding  .     (no gloves)
rMut   .         Stasis   .     (no boots)
MR     .....                    o - amulet of clarity
Stlth  ++........               (no ring)
                                (no ring)

@: very slightly contaminated, repel missiles, not resistant to hostile
enchantments, unstealthy
A: fangs 2, regeneration 1, magic shield, antimagic bite, no device heal 3, rot
immunity
a: no special abilities


You were in a sewer.
You were not hungry.

You visited 1 branch of the dungeon, and saw 3 of its levels.
You also visited: Sewer.

You collected 32 gold pieces.

Inventory:

Hand weapons
 j - a +0 dagger (weapon)
Missiles
 e - 2 curare-tipped needles
 q - 20 poisoned needles
Armour
 a - a +0 robe (worn)
Jewellery
 o - an amulet of clarity (around neck)
Scrolls
 g - a scroll of enchant weapon {unknown}
 h - a scroll of remove curse {unknown}
 k - a scroll of fog {unknown}
 l - 2 scrolls of teleportation
Potions
 d - 2 potions of brilliance {unknown}
 f - a potion of agility {unknown}
 m - a potion of cancellation
 p - a potion of magic
Books
 b - a book of Air

   Spells                             Type                      Level
   a - Shock                          Conjuration/Air              1
   b - Swiftness                      Charms/Air                   2
   c - Repel Missiles                 Charms/Air                   2
   d - Static Discharge               Conjuration/Air              3
   e - Lightning Bolt                 Conjuration/Air              5
Comestibles
 c - 2 bread rations
 i - a meat ration
 r - 3 chunks of flesh


   Skills:
 + Level 1.6 Dodging
 + Level 2.7 Stealth
 + Level 3.2 Spellcasting
 + Level 1.8 Conjurations
 + Level 3.5 Air Magic


You had 4 spell levels left.
You knew the following spells:

 Your Spells              Type           Power        Failure   Level  Hunger
a - Shock                 Conj/Air       ##..         10%         1    None
c - Swiftness             Chrm/Air       #.......     14%         2    ##.....
r - Repel Missiles        Chrm/Air       #.....       14%         2    ##.....


Dungeon Overview and Level Annotations

Branches:
Dungeon (3/15)

Altars:

Annotations:
Sewer exclusion: big kobold


Innate Abilities, Weirdness & Mutations

You have extremely sharp teeth.
Your natural rate of healing is unusually fast.
When hurt, damage is shared between your health and your magic reserves.
Your bite disrupts and absorbs the magic of your enemies.
Potions and wands cannot restore your health.
You are immune to rotting.


Message History

Press: ? - help, Shift-Dir - straight line, f/p - big kobold
Aim: a big kobold (lightly wounded)
The zap hits the big kobold.
The big kobold is moderately wounded.
The zap misses the kobold.
You feel sick. The big kobold hits you.
Unknown command.
Unknown command.
Unknown command.
Casting: Shock
Confirm with . or Enter, or press ? or * to list all spells.
Aiming: Shock
Press: ? - help, Shift-Dir - straight line, f/p - big kobold
Aim: a big kobold (moderately wounded)
You miscast Shock.
You hear a crackling sound.
The big kobold hits you.
* * * LOW HITPOINT WARNING * * *
Drink which item? (? for menu, Esc to quit)
You feel better. The big kobold hits you!
You die...

##....(≈≈≈≈≈≈≈
#.......≈≈#≈≈≈
##......≈≈#≈≈≈
#....(.≈P# ≈≈
#........#
##P...†...#
#.....K..P#≈≈
#.....K.≈≈#≈≈≈
##....@≈P≈≈≈≈≈
#†.....≈≈#≈≈≈
#.....P≈≈≈≈≈≈
##P....≈≈#≈≈≈
##.....P#≈≈≈
##.....# ≈≈
#P....#
#.....#
##.....#


You could see a big kobold and a kobold.

Vanquished Creatures
  An ooze (D:1)
  A worm (D:2)
  6 giant geckos
  3 ball pythons
  5 giant cockroaches
  7 goblins
  4 hobgoblins
  A quokka (D:2)
  4 bats
  2 giant newts (D:1)
  7 kobolds
  7 rats
48 creatures vanquished.

Notes
Turn   | Place    | Note
--------------------------------------------------------------
     0 | D:1      | nubinia the Vine Stalker Air Elementalist began the quest for the Orb.
     0 | D:1      | Reached XP level 1. HP: 9/9 MP: 4/4
   310 | D:1      | Reached XP level 2. HP: 13/13 MP: 4/6
   333 | D:1      | Learned a level 2 spell: Repel Missiles
   336 | D:1      | Learned a level 2 spell: Swiftness
  1052 | D:1      | Reached XP level 3. HP: 16/16 MP: 1/8
  1984 | D:3      | Found a glowing drain.
  2152 | Sewer    | Entered a sewer
  2241 | Sewer    | Noticed a big kobold
  2297 | Sewer    | Reached XP level 4. HP: 21/21 MP: 7/9
  2340 | Sewer    | Noticed a big kobold
  2365 | Sewer    | Slain by a big kobold

Vault maps used:
D:1:      dpeg_arrival_oval, kennysheep_minor_cross
D:2:      first_bread
D:3:      nicolae_qazlal_style_of_elements, portal_sewer_entry_f
Sewer:    kennysheep_pipe_town

Action                   |  1- 3 |  4- 6 || total
-------------------------+-------+-------++-------
Melee: Dagger            |    16 |       ||    16
 Cast: Shock             |   104 |     7 ||   111
       Repel Missiles    |     2 |       ||     2
  Use: Scroll            |     3 |       ||     3
       Potion            |     1 |     1 ||     2
  Eat: Chunk             |     5 |       ||     5
